[Event "EICC 2025"]
[Site "Eforie-Nord"]
[Date "2025.03.16"]
[Round "2.29"]
[White "Lavrencic, Matic"]
[Black "Gurel, Ediz"]
[Result "1-0"]
[Annotator "TA"]
[ECO "B22"]
[WhiteElo "2446"]
[BlackElo "2620"]
[PlyCount "71"]
[EventDate "2025.03.14"]
[EventType "swiss"]
[EventCountry "ROU"]
[SourceTitle "playchess.com"]
[Source "ChessBase"]
[SourceQuality "1"]
[TimeControl "40/5400+30:1800+30"]

1. e4 c5 2. Nf3 e6 3. c3 d5 4. exd5 Qxd5 5. d4 Nf6 6. Na3 Nc6 7. Be3 {[%emt 0:00:38] Nb5 is in the air} cxd4 {[%emt 0:02:02] [#] B22: Sicilian: 2 c3.} 8. Nb5 $1 Qd7 {[%emt 0:00:59] Dodges Nc7+} 9. Nbxd4 Nd5 {[%emt 0:04:16] The position is equal. 9...Be7 is the hot move.} 10. Bd2 Bd6 11. Nxc6 bxc6 12. c4 Nf6 13. Qc2 $146 (13. Bd3 $5) (13. Bc3 O-O 14. Qc2 e5 15. O-O-O Qe7 16. Nd2 Bc5 17. Nb3 Bb4 18. Bxb4 Qxb4 19. a3 {½-½ Rezzuti,V (2396)-Raivio,P (2395) ITA-EUR email 2015 [20]}) 13... c5 14. O-O-O Bb7 15. Bc3 Qc7 16. Bd3 Ke7 {[%emt 0:06:47] [#]} (16... Bxf3 $15 {stays ahead.} 17. gxf3 Be5) 17. Qe2 $1 $16 Rhd8 18. Rhe1 Bxf3 19. Qxf3 (19. gxf3 Bxh2 20. Kb1 Rd7 21. Bxf6+ gxf6 $17 (21... Kxf6 22. Qe4 $11)) 19... Rab8 20. Qh3 {[%emt 0:10:28] White is more active.} (20. g3 $16) 20... Rd7 21. Kb1 (21. Bxh7 Rh8 22. g3 Qd8 $16 (22... Nxh7 $2 23. Bxg7 Qb8 24. Qh6 $18)) 21... h5 (21... h6 $142) 22. Bc2 {[%emt 0:03:34] This pair of bishops is nice.} Qb6 (22... Bf4 $16 23. Rxd7+ Qxd7) 23. Re2 Qa6 24. Qh4 Rbd8 (24... Kd8 25. Red2 (25. Bxf6+ gxf6 26. Qxf6+ Kc7 $18) 25... Ke7) 25. Rde1 {[%emt 0:01:12] Hoping for Qg5.} Bc7 $2 {[%emt 0:04:37] [#]} (25... Rb8 {might work better.} 26. Bb3 Qb7) 26. Qg5 $1 $18 {[%emt 0:01:32][%csl LRc5,LRg7] White is clearly winning.} Kf8 27. Bxf6 (27. Qxc5+ Bd6 28. Qg5 Be7 $16) 27... gxf6 28. Qxf6 Re8 (28... Rd6 $142 29. Re4 Qa5) 29. Qh6+ Ke7 {[%emt 0:00:01] [#]} 30. Ba4 $1 {[%emt 0:00:47][%cal Oe2e6] Rxe6+! would kill now.} Red8 (30... Rd6 31. Bb5) 31. Qg5+ Kf8 32. Bxd7 Rxd7 33. Qxc5+ Bd6 34. Qb5 Qc8 (34... Qxb5 $142 35. cxb5 Bxh2) 35. Rd1 a6 36. Qa4 {[%emt 0:00:53] Weighted Error Value: White=0.34/Black=0.74  Mistake:       	White=1     	Black=7      Inaccurate:     	White=3     	Black=3      OK:         	White=7     	Black=8      Best:        	White=1     	Black=1      Strong:       	White=3     	---} 1-0

[Event "EICC 2025"]
[Site "Eforie-Nord"]
[Date "2025.03.16"]
[Round "2.29"]
[White "Turski, Bartlomiej"]
[Black "Velten, Paul"]
[Result "1/2-1/2"]
[Annotator "ChessBase"]
[ECO "C02"]
[WhiteElo "2369"]
[BlackElo "2515"]
[PlyCount "50"]
[EventDate "2025.03.14"]
[EventType "swiss"]
[EventCountry "ROU"]
[SourceTitle "playchess.com"]
[Source "ChessBase"]
[SourceQuality "1"]
[TimeControl "40/5400+30:1800+30"]

1. e4 e6 2. d4 d5 3. e5 c5 4. c3 Nc6 5. Nf3 Bd7 6. Be2 Nge7 7. O-O cxd4 8. cxd4 Nf5 9. Nc3 Rc8 10. Bg5 Be7 11. Bxe7 Qxe7 12. Bd3 Nh4 13. Nxh4 Qxh4 14. Nb5 O-O 15. g3 Qd8 16. Nd6 Rb8 17. Bb5 Ne7 18. Bxd7 Qxd7 19. Rc1 Nc8 20. Nxc8 Rfxc8 21. Qd2 Qa4 22. b3 Qa3 23. Rc2 Rxc2 24. Qxc2 Rf8 25. Rc1 a5 1/2-1/2

[Event "EICC 2025"]
[Site "Eforie-Nord"]
[Date "2025.03.16"]
[Round "2.30"]
[White "Lagarde, Maxime"]
[Black "Celik, Hasan Huseyin"]
[Result "1-0"]
[Annotator "TA"]
[ECO "B47"]
[WhiteElo "2615"]
[BlackElo "2441"]
[PlyCount "81"]
[EventDate "2025.03.14"]
[EventType "swiss"]
[EventCountry "ROU"]
[SourceTitle "playchess.com"]
[Source "ChessBase"]
[SourceQuality "1"]
[TimeControl "40/5400+30:1800+30"]

1. e4 c5 2. Nf3 e6 3. d4 cxd4 4. Nxd4 Nc6 5. Nc3 Qc7 6. g4 {[%emt 0:00:57] B47: Sicilian: Taimanov: 5 Nc3 Qc7 6 f4, 6 g3 and 6 Be2.} a6 7. Be3 b5 {[%emt 0:01:09][%cal Bb7b5,Bb5b4][%mdl 32] 7...h6 is more advanced technology.} 8. Nxc6 {[%emt 0:01:01] The position is equal.} Qxc6 9. Qd2 b4 10. Ne2 Qxe4 11. Rg1 {[%emt 0:00:07] Hoping for Bg2. White sacrificed a pawn} Qc4 12. Ng3 (12. Nf4 $5 Qc7 $8 13. O-O-O $11) 12... Qc7 (12... Qxg4 13. h3 Qg6 14. O-O-O $15) 13. O-O-O Bb7 14. Bf4 {[%emt 0:08:16][%mdl 1024] White has compensation.} Qc6 15. Bg2 d5 16. Ne2 $146 (16. Rge1 $11) (16. Kb1 Nf6 17. g5 Nd7 18. Rge1 Nb6 19. Rc1 Nc4 20. Qd4 Qc5 21. Qd3 g6 22. Rcd1 {0-1 Ermitsch,M (2272)-Topuz,M (1866) EU-ch U14 30th 2022 (3)}) 16... Ne7 (16... Qb6 $15) 17. Bg3 Qc4 18. b3 Qc5 19. f4 g6 20. Rgf1 Bg7 21. Bf2 Qa5 (21... Qd6 $15) 22. Bd4 $11 Bxd4 23. Nxd4 O-O-O 24. Kb1 h5 (24... Qc5 {simplifies} 25. Rc1 Kb8 26. c3 bxc3 27. Rxc3 Qd6) 25. f5 gxf5 26. gxf5 e5 27. f6 $1 Ng6 28. Nf5 Qc5 29. Qg5 $1 $36 {[%emt 0:00:46][%mdl 2048] White fights for an advantage.} Rde8 {[%emt 0:07:40] Repels Ne7+} (29... Rd7 $11 {keeps the balance.}) 30. Rfe1 {[%emt 0:09:02] White is much more active.} (30. Nh6 $16 Qf8 31. Nf5) 30... Kb8 $14 31. Ne7 $1 Nf4 ({Black should try} 31... Rc8 $14) 32. Rxe5 Nxg2 33. Qxg2 Qd6 {[%emt 0:00:47] [#]} (33... Rd8 $16 34. Qg7 (34. Nxd5 Rhg8 $14) 34... Qf2) 34. Rf5 $1 $18 h4 (34... Rd8 {was worth a try.} 35. Rd4 (35. Nxd5 Rhe8 $16) (35. Qg7 d4 $16) 35... h4) 35. Qf2 ({Weaker is} 35. Nxd5 Rhg8 36. Qd2 Re4 $14) 35... h3 36. Rd3 ({Much less strong is} 36. Nxd5 $6 Rhg8 $16) 36... a5 $2 (36... Qe6 37. Rd2 (37. Nxd5 Qe1+ 38. Kb2 Qxf2 $16) (37. Qf4+ Ka8 $18) 37... a5) 37. Rdxd5 Bxd5 38. Rxd5 {[%emt 0:00:04] White threatens Rb5+ and mate.} Qc7 39. Rb5+ Ka8 40. Qf3+ (40. Nd5 $142 Qc6 41. Rxa5+ Kb8 42. Qa7+ (42. Nxb4 Qd6 $18) 42... Kc8 43. Nb6+ (43. Nxb4 Re1+ 44. Kb2 Qxf6+ 45. Ka3 Qd6 $18) 43... Qxb6 44. Qxb6 Re1+ 45. Kb2 Re6 46. Ra8+ (46. Qxb4 Kc7 47. Qc4+ Rc6 48. Qxf7+ Kb8 49. Rb5+ Rb6 50. Rxb6+ Kc8 51. Qa7 Rh6 52. Rb8#) 46... Kd7 47. Ra7+ Ke8 48. Qb8#) 40... Ka7 {[%emt 0:00:02] [#]} 41. Rxa5+ {[%emt 0:31:15] Weighted Error Value: White=0.22 (precise) /Black=0.55  Mistake:       	White=2     	Black=7      Inaccurate:     	White=1     	Black=2      OK:         	White=10    	Black=14     Best:        	White=3     	---        Strong:       	White=4     	---} 1-0

[Event "EICC 2025"]
[Site "Eforie-Nord"]
[Date "2025.03.16"]
[Round "2.30"]
[White "Kosakowski, Jakub"]
[Black "Vagman, Roy"]
[Result "1-0"]
[Annotator "ChessBase"]
[ECO "B67"]
[WhiteElo "2515"]
[BlackElo "2300"]
[PlyCount "69"]
[EventDate "2025.03.14"]
[EventType "swiss"]
[EventCountry "ROU"]
[SourceTitle "playchess.com"]
[Source "ChessBase"]
[SourceQuality "1"]
[TimeControl "40/5400+30:1800+30"]

1. e4 c5 2. Nf3 d6 3. d4 cxd4 4. Nxd4 Nf6 5. Nc3 Nc6 6. Bg5 e6 7. Qd2 a6 8. O-O-O Bd7 9. f3 Nxd4 10. Qxd4 h6 11. Be3 Bc6 12. Qd2 Qc7 13. Kb1 b5 14. Bd3 Be7 15. h4 b4 16. Ne2 d5 17. e5 Nd7 18. f4 h5 19. Nd4 g6 20. c3 Nb6 21. b3 Rb8 22. Ka1 Bd7 23. cxb4 Na8 24. b5 axb5 25. Rc1 Qb7 26. f5 gxf5 27. Bg5 Qb6 28. Nf3 Bxg5 29. hxg5 Nc7 30. g6 b4 31. Qg5 Nb5 32. Rxh5 Rxh5 33. gxf7+ Kf8 34. Qg8+ Ke7 35. Qg7 1-0

[Event "EICC 2025"]
[Site "Eforie-Nord"]
[Date "2025.03.16"]
[Round "2.31"]
[White "Abasov, Nijat"]
[Black "Magold, Filip"]
[Result "1/2-1/2"]
[Annotator "TA"]
[ECO "E12"]
[WhiteElo "2612"]
[BlackElo "2435"]
[PlyCount "74"]
[EventDate "2025.03.14"]
[EventType "swiss"]
[EventCountry "ROU"]
[SourceTitle "playchess.com"]
[Source "ChessBase"]
[SourceQuality "1"]
[TimeControl "40/5400+30:1800+30"]

1. d4 Nf6 2. Nf3 e6 3. c4 b6 4. a3 Bb7 5. Nc3 d5 6. cxd5 Nxd5 7. e3 Nxc3 8. bxc3 Be7 9. Bb5+ c6 10. Bd3 O-O 11. O-O c5 12. Qe2 Nd7 13. e4 Qc7 14. Rd1 {[%emt 0:00:58] E12: Queen's Indian: Unusual White 4th moves, 4 a3, 4 Nc3 Bb7 5 a3 and 4 Nc3 Bb7 .} Rac8 15. a4 Rfd8 16. Bb2 {[%emt 0:01:57] White has an edge.} Nf6 17. Ne5 Bd6 $146 (17... cxd4 18. cxd4 Bb4 19. Ng4 Nxg4 20. Qxg4 Qe7 21. e5 h6 22. Bc1 f5 23. exf6 Qxf6 24. Be3 Kh8 25. Rac1 Bd6 26. Be4 Rxc1 27. Rxc1 {½-½ Quintiliano Pinto,R (2340)-Aranha Filho,A (2236) Batatais op 3rd 2013 (4)}) 18. Nf3 {[%emt 0:06:55] [#] and e5 would now be decisive} Be7 19. h3 cxd4 20. cxd4 Bb4 21. Ne5 Qe7 22. Rdc1 Nd7 23. Ng4 Nf8 24. Ne5 Nd7 25. Nf3 Nf6 26. Qe3 Rxc1+ 27. Rxc1 Rc8 28. Rxc8+ Bxc8 29. Qf4 h6 30. g4 Nh7 31. h4 (31. d5 $5) 31... Ba3 (31... Nf8 {feels stronger.}) 32. Bc3 Nf8 33. g5 h5 34. d5 {[%emt 0:05:35] The position is equal.} Ng6 {[%emt 0:01:02] Inhibits Qe5.} 35. Qb8 Qb7 36. Qxb7 Bxb7 37. dxe6 fxe6 {[%emt 0:00:05] An even fight not without its subleties.   Weighted Error Value: White=0.11 (very precise) /Black=0.06 (flawless)   Mistake:       	---       	Black=1      Inaccurate:     	White=3     	Black=1      OK:         	White=7     	Black=14     Best:        	White=1     	---} 1/2-1/2

[Event "EICC 2025"]
[Site "Eforie-Nord"]
[Date "2025.03.16"]
[Round "2.31"]
[White "Yordanov, Lachezar"]
[Black "Heberla, Bartlomiej"]
[Result "1/2-1/2"]
[Annotator "ChessBase"]
[ECO "E91"]
[WhiteElo "2361"]
[BlackElo "2512"]
[PlyCount "94"]
[EventDate "2025.03.14"]
[EventType "swiss"]
[EventCountry "ROU"]
[SourceTitle "playchess.com"]
[Source "ChessBase"]
[SourceQuality "1"]
[TimeControl "40/5400+30:1800+30"]

1. d4 Nf6 2. c4 c5 3. d5 g6 4. Nc3 Bg7 5. e4 d6 6. Be2 e6 7. Nf3 O-O 8. Be3 exd5 9. cxd5 Nbd7 10. O-O Ng4 11. Bf4 Nde5 12. Nd2 f5 13. exf5 Bxf5 14. h3 Bd7 15. Bg3 Nh6 16. f4 Nef7 17. Nf3 b5 18. Qd2 Qa5 19. Bf2 Rae8 20. a3 Nf5 21. g4 Ne7 22. Rfe1 Nc8 23. Bf1 a6 24. Rad1 Nb6 25. Ne4 Qxd2 26. Rxd2 Na4 27. b4 Nc3 28. Ng3 Rxe1 29. Nxe1 Re8 30. Nc2 h5 31. gxh5 g5 32. h6 Bxh6 33. bxc5 dxc5 34. Bxc5 Ne4 35. Nxe4 Rxe4 36. Rd4 Re8 37. fxg5 Nxg5 38. Bg2 Rc8 39. Rh4 Rxc5 40. Rxh6 Rxc2 41. Rg6+ Kf7 42. Rxg5 Rc3 43. h4 Kf6 44. Rg8 Rxa3 45. h5 Ra4 46. h6 Rh4 47. Ra8 Rxh6 1/2-1/2

[Event "EICC 2025"]
[Site "Eforie-Nord"]
[Date "2025.03.16"]
[Round "2.32"]
[White "Aizenberg, Benny"]
[Black "Erdogmus, Yagiz Kaan"]
[Result "0-1"]
[Annotator "TA"]
[ECO "C78"]
[WhiteElo "2441"]
[BlackElo "2605"]
[PlyCount "148"]
[EventDate "2025.03.14"]
[EventType "swiss"]
[EventCountry "ROU"]
[SourceTitle "playchess.com"]
[Source "ChessBase"]
[SourceQuality "1"]
[TimeControl "40/5400+30:1800+30"]

1. e4 e5 2. Nf3 Nc6 3. Bb5 a6 4. Ba4 Nf6 5. O-O Bc5 6. c3 O-O 7. d4 Ba7 8. Bg5 {[%emt 0:09:02] 8.Re1 is the modern continuation. C78: Ruy Lopez: Archangelsk and Möller Defences.} h6 9. Bh4 d6 10. Bxc6 $1 {[%emt 0:13:15] White is better.} bxc6 11. dxe5 dxe5 12. Qc2 (12. Nxe5 $16 Qe7 13. Nf3 (13. Nxc6 Qxe4 14. Nxa7 Bb7 $14) 13... Qxe4 14. b3) 12... Qe7 $11 13. Nbd2 $146 (13. Bg3 Nd7 14. Nbd2 a5 15. Kh1 Ba6 16. c4 f6 17. Nh4 Qe6 18. Rfd1 Rfd8 19. b3 {0-1 Jezek,J (2470)-Idema,A (2580) Lewkowitz mem-A corr9498 1994}) 13... Qe6 {[%emt 0:11:12] Against Nc4} 14. Bg3 Nd7 15. Rfd1 f6 16. Nb3 c5 17. Qe2 Rb8 18. Nh4 Kh7 19. Nf5 (19. Na5 $11) 19... c4 $1 $15 20. Na5 g6 $36 {[%emt 0:07:57][%mdl 2048] Black is pushing.} 21. Nh4 Nc5 22. Nf3 Bd7 $1 23. Nxc4 {[%emt 0:04:33] Black has space advantage and is better} Bb5 24. b3 Bxc4 25. bxc4 Na4 26. Rac1 Rb2 27. Rd2 Rfb8 28. h4 Rxd2 29. Qxd2 {[%emt 0:00:40][%cal Oh4h5] [#]} Nc5 $1 (29... Qxc4 $6 30. Qd7+ Kg8 31. h5 gxh5 32. Nh4 $11) 30. Qe2 Qc6 {[%emt 0:00:47][%mdl 1024] Black has compensation.} 31. Re1 (31. h5 {keeps more tension.} Qxe4 32. hxg6+ Qxg6 33. Nh4) 31... h5 32. Kh2 Rd8 33. Nd2 Na4 34. Nf1 (34. Nb3 $11 {remains equal.}) 34... Nxc3 $17 35. Qc2 (35. Qf3 $15 {is more appropriate.} Na4 (35... Nxa2 $2 36. Qb3 $18) (35... Bd4 36. Ne3 $15) 36. Ne3) 35... Bd4 {[%emt 0:00:56] Black is much more active.} (35... Qxc4 36. Ne3 Qd3 (36... Qxe4 $2 37. Qxc3 Rd7 38. Rc1 $18) 37. Qb3 $14) 36. Nd2 Qa4 37. Qxa4 Nxa4 38. Nb3 Bc3 39. Rc1 Rd3 40. f3 Bb4 41. Rc2 Kg7 42. f4 Rc3 43. Rxc3 Bxc3 44. fxe5 fxe5 $15 {[%emt 0:02:10][%mdl 4096] Endgame KBN-KBN} 45. Kg1 Nb2 46. c5 Kf6 47. Kf1 Ke6 ({Black should play} 47... Na4 $15 48. Ke2 Bb4) 48. Ke2 $1 $11 Kd7 49. Nd2 Bxd2 50. Kxd2 {[%emt 0:00:04] KB-KN} Kc6 51. Ke2 Nc4 52. Bf2 Kb5 53. Kd3 Nb2+ (53... Kb4 $5 ) 54. Ke2 (54. Kc2 $11 Na4 55. Bg3) 54... Kc4 $17 55. c6 {[%emt 0:00:59][%cal Of2b6] [#]} Nd3 $1 {[%emt 0:00:56] aiming for ...Nxf2.} 56. Bg1 {[%emt 0:01:18] This move loses the game for White.} (56. Bb6 $17 {was forced.} Nf4+ (56... cxb6 $2 57. c7 $18) 57. Ke3) 56... Nb4 $19 57. Bb6 $2 (57. Ke3) 57... Nxc6 (57... cxb6 $2 {loses.} 58. c7 $18) 58. Bxc7 Kd4 59. Kf3 Kd3 60. g4 (60. Kf2 $142 Kxe4 61. Ke2) 60... Nd4+ 61. Kf2 Kxe4 62. gxh5 gxh5 63. a4 Nf5 64. Bd8 Kd3 65. Kf3 Nd4+ 66. Kg3 e4 67. Bb6 Nf5+ 68. Kf4 Nxh4 69. Ke5 Nf3+ (69... e3 $142 70. Kf4 e2 71. Ba5 Ng2+ 72. Kf3 e1=Q (72... e1=R $2 73. Kxg2 Ra1 74. Kh3 $19) 73. Bxe1 Nxe1+ 74. Kg3 h4+ 75. Kxh4 Kc3 76. Kg5 a5 77. Kf4 Nd3+ 78. Ke4 Nc5+ 79. Ke5 Nxa4 80. Kd5 Nb2 81. Ke6 a4 82. Kf6 a3 83. Kg7 a2 84. Kh6 a1=Q (84... a1=B $2 85. Kg6 $19) 85. Kg6 Qf1 86. Kg7 Qf2 87. Kh6 Qg1 88. Kh5 Nd3 89. Kh4 Ne5 90. Kh3 Kd4 91. Kh4 Qg4#) 70. Kd5 h4 {[%emt 0:00:08] Black mates.} 71. Kc6 h3 72. Bc7 e3 73. Kb6 e2 74. Bg3 h2 {[%emt 0:00:14] Weighted Error Value: White=0.29 (precise) /Black=0.08 (flawless)   Mistake:       	White=8     	Black=1      Inaccurate:     	White=6     	Black=7      OK:         	White=21    	Black=15     Best:        	White=4     	Black=9      Strong:       	White=2     	Black=4} 0-1

[Event "EICC 2025"]
[Site "Eforie-Nord"]
[Date "2025.03.16"]
[Round "2.32"]
[White "Kochavi, Ori"]
[Black "Maksimovic, Bojan"]
[Result "1/2-1/2"]
[Annotator "ChessBase"]
[ECO "D02"]
[WhiteElo "2357"]
[BlackElo "2505"]
[PlyCount "91"]
[EventDate "2025.03.14"]
[EventType "swiss"]
[EventCountry "ROU"]
[SourceTitle "playchess.com"]
[Source "ChessBase"]
[SourceQuality "1"]
[TimeControl "40/5400+30:1800+30"]

1. Nf3 Nf6 2. d4 d5 3. c3 Bf5 4. Qb3 Qc8 5. Bg5 Nbd7 6. c4 dxc4 7. Qxc4 c5 8. Nc3 e6 9. dxc5 Qxc5 10. Qa4 Qb4 11. Qxb4 Bxb4 12. Bd2 Bc5 13. e3 a6 14. Be2 h6 15. O-O Ke7 16. Rac1 Rac8 17. Rfd1 e5 18. Be1 Be6 19. Nd2 Bb4 20. Ndb1 Bd6 21. Bf3 Rc7 22. Ne4 Rxc1 23. Rxc1 Nxe4 24. Bxe4 Nc5 25. Nc3 f5 26. Bc2 Rc8 27. Rd1 Nd7 28. e4 f4 29. Bb1 Nf6 30. Kf1 Bc5 31. Bd3 g5 32. Rc1 Bd4 33. b3 g4 34. Nd5+ Nxd5 35. Rxc8 Bxc8 36. exd5 Kd6 37. Be4 b5 38. Bd2 h5 39. g3 Bb7 40. gxf4 exf4 41. Bxf4+ Kc5 42. Bg6 Bxd5 43. Bxh5 Be6 44. f3 gxf3 45. Bxf3 Kb4 46. Bc1 1/2-1/2

[Event "EICC 2025"]
[Site "Eforie-Nord"]
[Date "2025.03.16"]
[Round "2.33"]
[White "Ivanchuk, Vasyl"]
[Black "Travadon, Loic"]
[Result "1/2-1/2"]
[Annotator "TA"]
[ECO "D40"]
[WhiteElo "2604"]
[BlackElo "2433"]
[PlyCount "141"]
[EventDate "2025.03.14"]
[EventType "swiss"]
[EventCountry "ROU"]
[SourceTitle "playchess.com"]
[Source "ChessBase"]
[SourceQuality "1"]
[TimeControl "40/5400+30:1800+30"]

1. d4 Nf6 2. c4 e6 3. Nf3 d5 4. Nc3 c5 5. e3 a6 6. cxd5 exd5 7. b3 {[%emt 0:02:22] D40: Queen's Gambit Declined: Semi-Tarrasch with 5 e3.} Nc6 8. Bb2 Bg4 9. Be2 Bxf3 10. Bxf3 cxd4 11. exd4 Bb4 12. O-O Bxc3 13. Qe2+ Qe7 {[%emt 0:05:18] ...Qxe2 is the strong threat.} 14. Bxc3 Qxe2 15. Bxe2 Kd7 $146 (15... Ne4 16. Bb2 O-O 17. Rac1 Rfe8 18. Rfe1 g6 19. f3 Ng5 20. Kf2 Ne6 21. Red1 Rac8 {½-½ Makkar,R (2465)-Grieve,H (2471) London GM-A 2023 (1)}) 16. Bd3 Rhe8 17. f3 g6 18. g4 Re3 19. Rad1 h5 20. Kf2 Rae8 21. g5 Ng8 22. a4 R3e6 23. b4 Nge7 24. b5 $36 {[%emt 0:10:33][%mdl 2048] White has good play.} axb5 25. Rb1 b4 26. Bxb4 Nxb4 27. Rxb4 Kc7 28. Rfb1 Rb8 29. Rb5 Rc6 (29... Ra6 $11) 30. a5 $14 {[%emt 0:00:46][%cal Ba4a5,Ba5a6,Ba6a7][%mdl 32] White is more active.} Rc3 31. a6 Rxd3 (31... b6 $16 32. Ke3 (32. a7 Ra8 $17) 32... Ra3) 32. a7 $1 $18 Rc8 $2 (32... Rxd4 $2 33. Rc5+ (33. axb8=R Kxb8 34. Rxb7+ Kc8 $18) (33. axb8=Q+ Kxb8 34. Rxb7+ Kc8 $18) (33. axb8=N b6 $18) (33. axb8=B+ Kd8 $18) 33... Nc6 34. Rxc6+ (34. axb8=R Kd6 $18) (34. axb8=Q+ Kxb8 35. Rxc6 Rc4 $18) (34. axb8=N Kd6 $18) (34. axb8=B+ Kc8 $18) 34... Kxc6 35. axb8=Q $18 (35. axb8=B b5 $18)) (32... Rd2+ $2 33. Ke3 Rc2 34. axb8=Q+ (34. axb8=R Nf5+ 35. Kd3 Kxb8 $18) (34. axb8=B+ Kd8 $18) 34... Kxb8 35. Rxb7+ Ka8 36. Rxe7 $18) (32... Ra8 33. Rxb7+ Kd6) 33. Rxb7+ Kd8 {[%emt 0:00:05] [#]} 34. Re1 $2 (34. Ra1 $1 $18 Rxd4 35. Rb8 (35. a8=R Rd2+ 36. Ke1 Rdc2 $18) (35. a8=Q Rxa8 36. Rxa8+ Nc8 $18) 35... Rd2+ 36. Kg3) 34... Nc6 {[%emt 0:03:00] Dodges Rb8} 35. Ra1 {[%emt 0:01:05] Repels Ra3} (35. Rxf7 $16 Nxa7 36. Rxa7) 35... Ra8 $14 (35... Rxd4 $2 36. a8=Q (36. a8=R Rf4 $18) 36... Rd2+ 37. Kf1 $18) 36. Rxf7 Ke8 {[%emt 0:00:05] Dodges Rf8+} (36... Rxd4 $2 37. Rf8+ Kc7 38. Rxa8 $18) 37. Rh7 Rxa7 $1 38. Raxa7 Nxa7 39. Rxa7 {[%emt 0:00:03][%mdl 4096] Endgame KR-KR. White is a pawn up.} Kf8 {[%emt 0:00:10] Inhibits Rg7.} 40. Ra4 h4 $1 41. h3 Kf7 42. Ke2 Rb3 43. Ra6 Rb2+ 44. Ke3 Rh2 45. Rf6+ Kg7 46. Kf4 Rxh3 47. Kg4 Rh1 48. Rd6 h3 49. Rxd5 h2 {[%emt 0:01:18] ( -> ...Rg1+)} 50. Kg3 Kf7 ({Reject} 50... Rf1 51. Kxh2 Rxf3 52. Kg2 $11) 51. f4 Rf1 52. Kxh2 Rxf4 53. Kg3 Rf1 54. Re5 Rd1 $2 (54... Kf8 $14) 55. d5 $2 ({White must play} 55. Re4 $18 Rd3+ 56. Kf4) 55... Rf1 56. Kg4 (56. d6 $5) 56... Rf2 $2 (56... Rd1 $11) 57. d6 $18 {[%emt 0:00:05] Re4 would now be deadly.} Rd2 58. Re7+ Kf8 59. Re6 Kf7 60. Rf6+ Kg7 {[%emt 0:00:04] [#]} 61. Kf4 $2 (61. Kf3 $1 {mates} Rd1 62. Ke4 Re1+ 63. Kd5 Rd1+ 64. Kc6 Rc1+ 65. Kd7 Rg1 66. Ke7 Rxg5 67. d7) 61... Re2 $1 $11 {[%emt 0:00:19] The position is equal.} 62. Kf3 (62. d7 $5 Rd2 $8 63. Ke5 Rxd7 64. Ra6 $11) 62... Re5 63. Kg4 (63. d7 $5 Rd5 $8 64. Kf4 $11) 63... Re1 64. Kf3 Re5 $1 65. Rf4 (65. d7 $5 Rd5 $8 66. Ke4 Rxd7 67. Ke5 $11) 65... Rd5 $1 {[%emt 0:00:09] Against Rd4} 66. Kg3 Rxg5+ 67. Rg4 Rxg4+ 68. Kxg4 {[%emt 0:00:01] Threatening mate with d7.} Kf6 69. d7 Ke7 70. Kg5 Kxd7 71. Kxg6 {[%emt 0:02:51] White really could win this.   Weighted Error Value: White=0.24 (precise) /Black=0.61  Loses game:     	---       	Black=2      Missed win:     	White=1     	---        Mistake:       	---       	Black=3      Inaccurate:     	White=1     	Black=3      OK:         	White=27    	Black=30     Best:        	White=2     	Black=5      Strong:       	White=1     	Black=4} 1/2-1/2

[Event "EICC 2025"]
[Site "Eforie-Nord"]
[Date "2025.03.16"]
[Round "2.33"]
[White "Malek, Jan"]
[Black "Obada, Ema"]
[Result "1-0"]
[Annotator "ChessBase"]
[ECO "D37"]
[WhiteElo "2504"]
[BlackElo "2079"]
[PlyCount "69"]
[EventDate "2025.03.14"]
[EventType "swiss"]
[EventCountry "ROU"]
[SourceTitle "playchess.com"]
[Source "ChessBase"]
[SourceQuality "1"]
[TimeControl "40/5400+30:1800+30"]

1. d4 e6 2. c4 Nf6 3. Nf3 d5 4. Nc3 a6 5. cxd5 exd5 6. Bg5 Be6 7. e3 Nbd7 8. h3 Bd6 9. Bd3 c6 10. Bf4 Qc7 11. Qd2 O-O 12. O-O Rfe8 13. Rfe1 h6 14. Rac1 Nb6 15. b3 Rad8 16. Bb1 Qc8 17. Ne2 Ne4 18. Qa5 Bxf4 19. Nxf4 Nd7 20. Bxe4 dxe4 21. Nd2 Nf6 22. Nc4 Nd5 23. Nb6 Nxb6 24. Qxb6 Qd7 25. Rc5 f6 26. Rec1 g5 27. Nh5 Qf7 28. Ng3 f5 29. Re5 Rf8 30. Rcc5 f4 31. Nxe4 fxe3 32. fxe3 Bd5 33. Kh2 Qd7 34. Rcxd5 cxd5 35. Qxh6 1-0

[Event "EICC 2025"]
[Site "Eforie-Nord"]
[Date "2025.03.16"]
[Round "2.34"]
[White "Ghimpu, Samuel-Timotei"]
[Black "Vocaturo, Daniele"]
[Result "1/2-1/2"]
[Annotator "TA"]
[ECO "D02"]
[WhiteElo "2441"]
[BlackElo "2600"]
[PlyCount "62"]
[EventDate "2025.03.14"]
[EventType "swiss"]
[EventCountry "ROU"]
[SourceTitle "playchess.com"]
[Source "ChessBase"]
[SourceQuality "1"]
[TimeControl "40/5400+30:1800+30"]

1. d4 Nf6 2. Bf4 d5 3. Nf3 e6 4. e3 Bd6 5. Bd3 Bxf4 6. exf4 Qd6 {[%emt 0:00:50] D02: 1 d4 d5 2 Nf3 sidelines, including 2...Nf6 3 g3 and 2...Nf6 3 Bf4.} 7. Qd2 b6 8. O-O O-O 9. Re1 Ba6 10. Bxa6 Nxa6 11. c3 {[%emt 0:03:24] Not much happening anymore} c5 12. a4 $146 (12. Ne5 Ne4 13. Qd3 Nc7 14. Nd2 f6 15. Nef3 Nxd2 16. Qxd2 c4 17. h4 h5 18. g3 Kf7 19. b3 b5 20. Reb1 Rfb8 21. Qc2 g6 22. a4 a6 {½-½ Khanas,V (2305)-Mcdaniel,C (2228) CP-2017-P-00002}) 12... Nb8 13. g3 Nc6 14. Qe3 cxd4 15. Nxd4 Nxd4 16. Qxd4 Qc5 17. Rd1 Rfc8 18. Na3 Ne4 (18... Qxd4 19. Rxd4 g6 20. Nc2 Rab8) 19. Nc2 g6 (19... Qxd4 {simplifies} 20. Rxd4 Nd6 21. Ne3 g6) 20. Ne3 Qxd4 21. Rxd4 Nd6 22. Kf1 Rab8 23. g4 b5 24. axb5 Rxb5 25. Ra6 Ne4 26. Nd1 Rc7 27. f5 Nc5 28. Rd6 Nb7 29. Ra6 Nc5 30. Rd6 Nb7 31. Ra6 Nc5 {[%emt 0:01:21] An even fight not without its subleties.   Weighted Error Value: White=0.04 (flawless) /Black=0.05 (flawless)   Inaccurate:     	White=1     	Black=1      OK:         	White=11    	Black=11     Best:        	---       	Black=1} 1/2-1/2